 Dungeon Crawl Stone Soup version 0.30-a0-860-g512cf1e979 (webtiles) character file.

Game seed: 2996092815889458863

51531 qeuew the Severer (level 14, -4/120 (126) HPs)
             Began as a Hill Orc Fighter on Mar 7, 2023.
             Was a High Priest of Trog.
             Slain by a demonic crawler (6 damage)
             ... on level 3 of the Lair of Beasts.
             The game lasted 00:23:25 (14450 turns).

qeuew the Severer (Hill Orc Fighter)               Turns: 14450, Time: 00:23:25

HP:   -4/120 (126)  AC: 11    Str: 22    XL:     14   Next: 60%
MP:   14/14         EV:  9    Int:  8    God:    Trog [*****.]
Gold: 1176          SH:  0    Dex: 12    Spells: 13/13 levels left

rFire   . . .      SeeInvis .    n - +4 war axe (flame)
rCold   . . .      Faith    .    c - +0 buckler
rNeg    . . .      Spirit   .    b - +1 scale mail
rPois   +          Reflect  .    (helmet restricted)
rElec   .          Rampage  .    (no cloak)
rCorr   +                        (no gloves)
Will    +....                    (no boots) Stlth
                                 p - amulet of regeneration
HPRegen 1.20/turn                a - ring of poison resistance
MPRegen 0.14/turn                B - ring of resist corrosion

@: confused, ambrosia-drunk, lightly drained
A: beak, evolution 1
a: Renounce Religion, Berserk, Trog's Hand, Brothers in Arms


You were on level 3 of the Lair of Beasts.
You worshipped Trog.
Trog was extremely pleased with you.
You visited 3 branches of the dungeon, and saw 16 of its levels.

You collected 1386 gold pieces.
You spent 210 gold pieces at shops.

Inventory:

Hand Weapons
 n - a +4 war axe of flaming (weapon)
Missiles
 y - 3 throwing nets (quivered)
Armour
 b - a +1 scale mail (worn)
 c - a +0 buckler (worn)
 g - a +1 helmet
Jewellery
 a - a ring of poison resistance (left hand)
 p - an amulet of regeneration (around neck)
 B - a ring of resist corrosion (right hand)
Wands
 l - a wand of paralysis (13)
 w - a wand of light (9)
 D - a wand of iceblast (3)
 E - a wand of digging (8)
 I - a wand of flame (5)
 J - a wand of mindburst (5)
Scrolls
 e - a scroll of fog
 j - 5 scrolls of blinking
 m - 3 scrolls of fear
 o - a scroll of enchant weapon
 r - 4 scrolls of enchant armour
 s - 4 scrolls of teleportation
 t - 2 scrolls of poison
 z - 6 scrolls of identify
 F - a scroll of butterflies
 G - 8 scrolls of magic mapping
Potions
 d - 7 potions of might
 f - 2 potions of invisibility
 h - 6 potions of curing
 i - 5 potions of flight
 k - a potion of magic
 q - 8 potions of ambrosia
 u - a potion of berserk rage
 v - 2 potions of resistance
 x - 2 potions of haste
 C - a potion of cancellation
Miscellaneous
 A - a phantom mirror


   Skills:
 + Level 12.2 Fighting
 * Level 17.6 Axes
 * Level 15.1 Armour
 + Level 11.3 Shields
 + Level 9.3 Evocations


You had 13 spell levels left.
You didn't know any spells.
Your spell library contained the following spells:

 Spells                   Type           Power      Damage    Failure   Level
 Scorch                   Fire           0%         2d5       83%         2
 Flame Wave               Conj/Fire      0%         2d4       100%        4
 Summon Cactus Giant      Summ           0%         N/A       100%        6


Dungeon Overview and Level Annotations

Branches:
Dungeon (10/15)            Temple (0/1) D:6            Lair (5/5) D:10
 Shoals (0/4) Lair:3       Spider (1/4) Lair:3        Slime (0/5) Lair:5
    Orc (0/2) D:9

Altars:
Cheibriados
Elyvilon
Gozag
Hepliaklqana
Kikubaaqudgha
Makhleb
Okawaru
Ru
Sif Muna
Trog
Xom
Beogh
Jiyva

Shops:
D:1 (   D:7 :   D:8 !

Portals:
Hell: Lair:5

Annotations:
D:8 3 runed translucent doors, Nabski's ghost, novice TeFE
Lair:5 exclusion: ice statue


Innate Abilities, Weirdness & Mutations

You have a beak for a mouth.
You have hidden genetic potential.


Message History

You climb upwards.
Welcome back to the Lair of Beasts!
There is a hole to the Spider Nest here.
You hit the demonic crawler. You burn the demonic crawler.
The demonic crawler is lightly wounded.
You block the demonic crawler's attack.
The demonic crawler hits you but does no damage.
The demonic crawler closely misses you.
You slash the demonic crawler! You burn the demonic crawler.
The demonic crawler is moderately wounded.
The demonic crawler hits you but does no damage.
You block the demonic crawler's attack. The demonic crawler barely misses you.
You slash the demonic crawler! You burn the demonic crawler.
Your peck misses the demonic crawler.
The demonic crawler is heavily wounded.
The demonic crawler hits you but does no damage. x2
The demonic crawler hits you!
* * * LOW HITPOINT WARNING * * *
You slash the demonic crawler! You burn the demonic crawler.
Your peck misses the demonic crawler.
The demonic crawler is heavily wounded.
The demonic crawler closely misses you. The demonic crawler hits you.
* * * LOW HITPOINT WARNING * * *
The demonic crawler hits you!
* * * LOW HITPOINT WARNING * * *
You are confused.
You feel invigorated.
The demonic crawler hits you but does no damage.
The demonic crawler hits you.
* * * LOW HITPOINT WARNING * * *
The demonic crawler hits you but does no damage.
Unknown command.
The demonic crawler hits you but does no damage.
The demonic crawler hits you.
* * * LOW HITPOINT WARNING * * *
The demonic crawler hits you.
* * * LOW HITPOINT WARNING * * *
The demonic crawler hits you.
* * * LOW HITPOINT WARNING * * *
The demonic crawler hits you.
You die...

####### #####.##..# ###
#........## ## ####
#.#####.........# .#
###PP####.#.#^^^......##
.###.........^#.##.......#
...'.........^.#..#......#
...#........##..#..#.....#
..##.......^^..#@..^.#...#
###.........##.s>#^.##...#
# ##........#..##.##^#'###
##.##.##.^^##.##^^^.#P#
##..#..##.^###.#^#.'..#
#......#.....^#.^#....#
##.#.#...+.^#^^#.#...##
#P.......#.##.#...#...#
###..###..#.#####P.##..##


You could see a demonic crawler.

Vanquished Creatures
  Rupert (Lair:5)
  A dire elephant (Lair:5)
  6 hydras
  An ice dragon (Lair:5)
  A catoblepas (Lair:4)
  A two-headed ogre (D:10)
  Erica (D:8)
  Urug (Lair:5)
  2 skysharks (Lair:5)
  A pharaoh ant (Spider:1)
  A sixfirhy (Lair:5)
  The ghost of Esekla the Covert, a novice OpDe of Gozag (D:6)
  A wizard (Lair:5)
  Pikel (D:5)
  A wolf spider (Lair:3)
  An ugly thing (D:8)
  5 black mambas
  6 elephants
  4 orange demons (Lair:5)
  14 cane toads
  A kobold demonologist (D:10)
  8 rime drakes
  4 komodo dragons
  2 red devils (Lair:5)
  2 polar bears (Lair:5)
  Grinder (D:3)
  A queen bee (Lair:1)
  7 dream sheep (Lair:5)
  19 blink frogs
  A hellwing (Lair:5)
  7 wyverns
  Sigmund (D:5)
  34 yaks
  2 steam dragons
  A redback (Spider:1)
  2 basilisks
  Edmund (D:5)
  An acid dragon (D:10)
  12 water moccasins
  Duvessa (D:4)
  3 hell hounds (Lair:5)
  4 black bears
  5 ice beasts
  4 orc warriors
  18 wolves
  5 phantoms
  3 ogres
  6 centaurs
  4 kobold brigands
  Blork the orc (D:5)
  6 bullfrogs
  4 scorpions
  Dowan (D:4)
  31 killer bees
  The ghost of Esekla the Sneak, a weakling OpDe (D:5)
  2 electric eels
  2 gnoll boudas
  6 orc priests
  4 hounds
  A jelly (D:6)
  7 iguanas
  11 orc wizards
  A mummy (D:9)
  9 adders
  12 gnolls
  A river rat (D:4)
  2 shadow imps
  3 white imps
  4 worms
  5 dart slugs
  60 orcs
  9 endoplasms
  6 giant cockroaches
  6 goblins
  8 hobgoblins
  17 kobolds
  2 quokkas
  7 ball pythons
  5 bats (D:1)
  4 frilled lizards
  11 rats
460 creatures vanquished.

Vanquished Creatures (others)
  A polar bear (Lair:5)
  5 fungi
  21 plants
27 creatures vanquished.

Grand Total: 487 creatures vanquished

Notes
Turn   | Place    | Note
-------+----------+-------------------------------------------
     0 | D:1      | qeuew the Hill Orc Fighter began the quest for the Orb.
     0 | D:1      | Reached XP level 1. HP: 19/19 MP: 1/1
    98 | D:1      | Reached skill level 3 in Axes
   103 | D:1      | Reached XP level 2. HP: 20/27 MP: 2/2
   133 | D:1      | Found Omuklise's Antique Weapon Shoppe.
   467 | D:1      | Reached XP level 3. HP: 33/33 MP: 3/3
  1077 | D:2      | Reached XP level 4. HP: 38/40 MP: 4/4
  1171 | D:2      | Reached skill level 4 in Axes
  1360 | D:2      | Found a faded altar of an unknown god.
  1412 | D:3      | Found a bloodstained altar of Trog.
  1430 | D:3      | Became a worshipper of Trog the Wrathful
  1463 | D:3      | Found a shimmering blue altar of Sif Muna.
  1631 | D:3      | Found an iron altar of Okawaru.
  1705 | D:3      | Noticed Grinder
  1719 | D:3      | Killed Grinder
  1720 | D:3      | Reached skill level 5 in Axes
  1720 | D:3      | Reached skill level 5 in Armour
  1720 | D:3      | Reached XP level 5. HP: 42/47 MP: 5/5
  1720 | D:3      | Reached XP level 6. HP: 48/53 MP: 6/6
  1830 | D:3      | You fall into a shaft and drop 1 floor!
  1970 | D:4      | Reached * piety under Trog
  1971 | D:4      | Reached skill level 5 in Fighting
  1971 | D:4      | Reached skill level 6 in Axes
  1971 | D:4      | Reached skill level 1 in Evocations
  1971 | D:4      | Reached XP level 7. HP: 21/61 MP: 7/7
  2149 | D:4      | Found Qumur's Antique Weapon Shop.
  2169 | D:4      | Noticed Dowan
  2182 | D:4      | Killed Dowan
  2204 | D:4      | Noticed Duvessa
  2217 | D:4      | Killed Duvessa
  2486 | D:4      | Found a glowing drain.
  2509 | D:4      | Reached skill level 7 in Axes
  2509 | D:4      | Reached skill level 5 in Shields
  2509 | D:4      | Reached XP level 8. HP: 64/69 MP: 8/8
  2704 | D:4      | Reached ** piety under Trog
  2979 | D:4      | Found a shimmering altar of Xom.
  3081 | D:5      | Entered Level 5 of the Dungeon
  3082 | D:5      | Noticed Sigmund
  3101 | D:5      | Killed Sigmund
  3150 | D:5      | Noticed Edmund
  3173 | D:5      | Killed Edmund
  3325 | D:5      | Found a transporter.
  3328 | D:5      | Noticed Esekla's ghost (weakling OpDe)
  3329 | D:5      | Noticed a yak
  3347 | D:5      | Reached skill level 8 in Axes
  3446 | D:5      | Found a sacrificial altar of Ru.
  3472 | D:5      | Found a faded altar of an unknown god.
  3472 | D:5      | Found a faded altar of an unknown god.
  3472 | D:5      | Noticed Pikel
  3485 | D:5      | Killed Pikel
  3486 | D:5      | Reached XP level 9. HP: 66/78 MP: 9/9
  3497 | D:5      | Found a hazy altar of Hepliaklqana.
  3574 | D:5      | Reached skill level 9 in Axes
  3627 | D:5      | Noticed Blork the orc
  3644 | D:5      | Killed Blork the orc
  3681 | D:5      | Found a transporter.
  3722 | D:5      | Killed Esekla's ghost
  3722 | D:5      | Reached *** piety under Trog
  4096 | D:6      | Found a staircase to the Ecumenical Temple.
  4145 | D:6      | Found a runed translucent gate.
  4146 | D:6      | Noticed Esekla's ghost (novice OpDe)
  4148 | D:6      | Found a runed translucent gate.
  4150 | D:6      | Found a runed translucent gate.
  4185 | D:6      | Killed Esekla's ghost
  4186 | D:6      | Reached skill level 10 in Axes
  4186 | D:6      | Reached XP level 10. HP: 83/86 MP: 10/10
  4900 | D:7      | Found Gakhudag's Tremendous Tomes.
  5381 | D:8      | Reached skill level 12 in Axes
  5381 | D:8      | Reached skill level 10 in Armour
  5381 | D:8      | Reached XP level 11. HP: 97/97 MP: 11/11
  5452 | D:8      | Found Setratui's Distillery.
  5502 | D:8      | Bought a potion of heal wounds for 70 gold pieces
  5502 | D:8      | Bought a potion of resistance for 140 gold pieces
  5518 | D:8      | Noticed Erica
  5519 | D:8      | Paralysed by Erica for 4 turns
  5533 | D:8      | Killed Erica
  5732 | D:8      | Found a runed translucent gate.
  5733 | D:8      | Found a runed translucent gate.
  5733 | D:8      | Found a runed translucent gate.
  5735 | D:8      | Noticed Nabski's ghost (novice TeFE)
  5735 | D:8      | Noticed a ten-headed hydra
  5784 | D:8      | Found a white marble altar of Elyvilon.
  5785 | D:8      | Found an opulent altar of Gozag.
  5914 | D:8      | Noticed a purple ugly thing
  5934 | D:8      | Killed a purple ugly thing
  5935 | D:8      | Reached skill level 13 in Axes
  6256 | D:8      | Found a roughly hewn altar of Beogh.
  6268 | D:8      | Reached **** piety under Trog
  6710 | D:9      | Found an ancient bone altar of Kikubaaqudgha.
  7007 | D:9      | Found a staircase to the Orcish Mines.
  7041 | D:9      | Found a snail-covered altar of Cheibriados.
  7183 | D:9      | Gained mutation: Armour fits poorly on your strangely
                  | shaped body. [potion of mutation]
  7221 | D:10     | Entered Level 10 of the Dungeon
  7550 | D:10     | Noticed a two-headed ogre
  7559 | D:10     | Killed a two-headed ogre
  7560 | D:10     | Reached XP level 12. HP: 68/106 MP: 12/12
  7612 | D:10     | Found a staircase to the Lair.
  7711 | D:10     | Reached skill level 14 in Axes
  8420 | Lair:1   | Entered Level 1 of the Lair of Beasts
  8539 | Lair:1   | Reached skill level 10 in Fighting
  8549 | Lair:1   | Reached ***** piety under Trog
  8782 | Lair:1   | HP: 5/106 [killer bee (2)]
  8973 | Lair:1   | You fall into a shaft and drop 1 floor!
  8987 | Lair:2   | Received a gift from Trog
  9330 | Lair:1   | Noticed an eight-headed hydra
  9340 | Lair:1   | Killed a two-headed hydra
 10034 | Lair:2   | Reached skill level 15 in Axes
 10317 | Lair:3   | Noticed a six-headed hydra
 10332 | Lair:3   | Killed a one-headed hydra
 10517 | Lair:3   | Found a staircase to the Shoals.
 10604 | Lair:3   | Reached XP level 13. HP: 100/114 MP: 13/13
 10688 | Lair:3   | Found a hole to the Spider Nest.
 11338 | Lair:4   | Reached skill level 10 in Shields
 11561 | Lair:4   | Lost mutation: Armour fits poorly on your strangely shaped
                  | body. [potion of mutation]
 11561 | Lair:4   | Gained mutation: You have hidden genetic potential. [potion
                  | of mutation]
 12371 | Lair:5   | Entered Level 5 of the Lair of Beasts
 12502 | Lair:5   | Reached skill level 16 in Axes
 12869 | Lair:5   | Noticed Urug
 12883 | Lair:5   | Killed Urug
 12967 | Lair:5   | Found a staircase to the Slime Pits.
 12967 | Lair:5   | Found a viscous altar of Jiyva.
 12983 | Lair:5   | Noticed an ice dragon
 12994 | Lair:5   | Reached XP level 14. HP: 95/125 MP: 14/14
 13155 | Lair:5   | Reached skill level 17 in Axes
 13163 | Lair:5   | Gained mutation: You have a beak for a mouth. [hidden
                  | potential]
 13530 | Lair:5   | Noticed Rupert
 13552 | Lair:5   | Killed Rupert
 14096 | Lair:5   | Noticed a dire elephant
 14111 | Lair:5   | Killed a dire elephant
 14189 | Lair:5   | Found a burning altar of Makhleb.
 14197 | Lair:5   | Reached skill level 15 in Armour
 14258 | Lair:5   | Found a gateway to Hell.
 14432 | Spider:1 | Entered Level 1 of the Spider Nest
 14448 | Lair:3   | HP: 6/120 [demonic crawler (12)]
 14450 | Lair:3   | HP: 2/120 [demonic crawler (4)]
 14450 | Lair:3   | Slain by a demonic crawler

Illustrated notes

Levels and vault maps discovered:
D:1:      dpeg_arrival_ternary, layout_loops_ring, serial_shops, shop,
          minmay_tall_x
D:2:      kennysheep_big_flooded_room, layout_loops_ring,
          ebering_ecumenical_altar_hall
D:3:      layout_rooms, nzn_overflow_gifts_of_might_and_magic,
          okawaru_gym_becter, minivault_26, uniq_grinder
D:4:      layout_loops_ring, tgw_xom, portal_sewer_entry_b, serial_shops,
          nicolae_shop_trees, uniq_duvessa
D:5:      layout_cave_pools, nicolae_ru_path_of_blood,
          nicolae_hepliaklqana_ecumenical_no_more, gammafunk_ghost_arena,
          st_stairs_3, uniq_edmund, uniq_blork_the_orc, uniq_pikel, uniq_sigmund
D:6:      layout_layer_cave, minmay_temple_entry_waves,
          ebering_ghost_rock_garden
D:7:      layout_cave_pods, nicolae_shop_i_like_big_books,
          hellmonk_bongcloud_opening
D:8:      layout_loops_corners, chequers_temple_overflow_statue_of_worship,
          special_room [special_room_orc], gammafunk_ghost_hydra_chop,
          serial_shops, nicolae_shop_advertising_works
          [nicolae_subvault_shop_adworks], kennysheep_donut, fountainhead,
          uniq_erica
D:9:      minmay_flawed_box, layout_rooms, slow_altar_2,
          mainiacjoe_overflow_catwalk, orc_0_dummy
D:10:     layout_basic, david_lair_generic
Lair:1:   layout_roguey [special_room_bee], special_room, st_stairs_7,
          serial_bayou_pond_c
Lair:2:   layout_gridlike
Lair:3:   layout_roguey, minmay_shoals_entry_centaurs, spider_nest_entry_rubble,
          grunt_megastairs_2
Lair:4:   layout_hall_layers
Lair:5:   evil_forest, layout_cave_pods, slime_entry_1, ice2_lemuel,
          lemuel_fruit_tree, grunt_megastairs_3, uniq_rupert, uniq_urug
Spider:1: layout_spider_delve

Skill      XL: |  1  2  3  4  5  6  7  8  9 10 11 12 13 14 |
---------------+-------------------------------------------+-----
Axes           | 3 5 6 7 8 10 12 13 15 16 17 | 17.6
Fighting       | 4 5 6 7 9 10 11 12 | 12.2
Armour         | 4 5 6 7 9 10 11 13 14 15 | 15.1
Shields        | 4 5 6 8 9 10 11 | 11.3
Evocations     | 1 3 4 6 7 8 9 |  9.3

Action                     |  1- 3 |  4- 6 |  7- 9 | 10-12 | 13-15 || total
---------------------------+-------+-------+-------+-------+-------++-------
  Melee: War axe           |    87 |    88 |   347 |   613 |   412 ||  1547
         Peck              |       |       |       |       |    30 ||    30
 Invoke: Berserk           |       |       |     4 |     7 |     6 ||    17
         Trog's Hand       |       |       |       |     4 |     4 ||     8
         Brothers in Arms  |       |       |       |       |     1 ||     1
    Use: Scroll            |     4 |     1 |     9 |    13 |     2 ||    29
         Potion            |     3 |       |       |     9 |     3 ||    15
   Stab: Invisible         |       |       |       |     9 |       ||     9
 Armour: Scale mail        |    47 |    49 |   148 |   272 |   153 ||   669
  Dodge: Dodged            |    44 |    53 |   145 |   284 |   141 ||   667
  Block: Buckler           |    15 |    27 |    82 |   204 |   132 ||   460

Table legend: (Time is in decaauts)
 A = Elapsed time spent in this place.
 B = Non-inter-level travel time spent in this place.
 C = Inter-level travel time spent in this place.
 D = Time resting spent in this place.
 E = Time spent auto-exploring this place.
 F = Levels seen in this place.
 G = Mean time per level.
                   A        B        C        D        E       F      G
               +--------+--------+--------+--------+--------+-----+--------+
         Total |  14495 |  13668 |    827 |      1 |  10986 |  16 |  905.9 |
       Dungeon |   8551 |   7923 |    628 |      0 |   6107 |  10 |  855.1 |
          Lair |   5935 |   5737 |    198 |      1 |   4879 |   5 | 1187.0 |
   Spider Nest |      8 |      8 |      0 |      0 |      0 |   1 |    8.0 |
               +--------+--------+--------+--------+--------+-----+--------+

Top non-repeatable levels by time:
  Lair:5: 1995 daAuts
    D:10: 1191 daAuts
     D:4: 1113 daAuts
     D:8: 1095 daAuts
  Lair:4: 1074 daAuts
  Lair:3: 1016 daAuts
  Lair:2: 931 daAuts
  Lair:1: 918 daAuts
     D:7: 802 daAuts
     D:2: 763 daAuts
     D:1: 754 daAuts
     D:9: 742 daAuts
     D:5: 703 daAuts
     D:3: 693 daAuts
     D:6: 690 daAuts
